 Dungeon Crawl Stone Soup version 0.28-a0-872-g80cf8599ee (webtiles) character file.

Game seed: 4659524925531648935

246 sanka the Chopper (level 5, -1/43 HPs)
             Began as a Palentonga Monk on Nov 20, 2021.
             Slain by a phantom (8 damage)
             ... on level 3 of the Dungeon.
             The game lasted 00:04:10 (3709 turns).

sanka the Chopper (Palentonga Monk)                 Turns: 3709, Time: 00:04:11

Health: -1/43      AC:  7    Str: 15    XL:     5   Next: 84%
Magic:  5/5        EV: 10    Int: 10    God:
Gold:   125        SH:  0    Dex: 13    Spells: 4/4 levels left

rFire   . . .      SeeInvis +   a - +0 hand axe
rCold   . . .      Faith    .   (no shield)
rNeg    + . .      Spirit   .   r - +2 leather armour {rN+}
rPois   .          Reflect  .   b - +0 helmet
rElec   .          Harm     .   (no cloak)
rCorr   .          Rampage  .   (no gloves)
Will    .....                   (no barding)
Stlth   +.........              (no amulet)
HPRegen 0.14/turn               (no ring)
MPRegen 0.09/turn               (no ring)

@: no status effects
A: large, rugged brown scales 3, see invisible, deformed body, roll 1, armoured
tail
a: Rolling Charge


You were on level 3 of the Dungeon.
You visited 1 branch of the dungeon, and saw 4 of its levels.

You collected 125 gold pieces.


Innate Abilities, Weirdness & Mutations

You are completely covered in rugged brown scales. (AC +3, +7% HP)
You have supernaturally acute eyesight. (SInv)
Armour fits poorly on your strangely shaped body.
You can roll at nearby foes to attack.
You have a long armoured tail.


   Skills:
 - Level 3.0 Fighting
 + Level 6.6 Axes
 - Level 2.4 Dodging
 - Level 1.2 Stealth


You had 4 spell levels left.
You didn't know any spells.
Your spell library contained the following spells:

 Spells                   Type           Power      Damage    Failure   Level
 Sting                    Tmut/Pois      0%         1d3       43%         1
 Corpse Rot               Necr/Air       0%         N/A       56%         2
 Ensorcelled Hibernation  Hex/Ice        0%         N/A       56%         2
 Passwall                 Tmut/Erth      0%         N/A       56%         2
 Poisonous Vapours        Pois/Air       0%         N/A       56%         2
 Spider Form              Tmut/Pois      0%         N/A       80%         3
 Swiftness                Air            0%         N/A       80%         3
 Dispel Undead            Necr           0%         3d6       99%         4
 Olgreb's Toxic Radiance  Pois           0%         N/A       99%         4
 Death Channel            Necr           0%         N/A       100%        6

Inventory:

Hand Weapons
 a - a +0 hand axe (weapon)
 k - a +1 short sword of venom
Armour
 b - a +0 helmet (worn)
 r - a +2 leather armour of positive energy (worn)
Magical Staves
 g - a staff of poison
Wands
 n - a wand of acid (18)
Scrolls
 c - 3 scrolls of enchant armour {unknown}
 i - a scroll of brand weapon {unknown}
 o - 2 scrolls of teleportation {unknown}
 s - a scroll of amnesia {unknown}
Potions
 d - 2 potions of brilliance {unknown}
 e - a potion of flight {unknown}
 f - 2 potions of haste {unknown}
 h - a potion of invisibility {unknown}
 j - a potion of curing {unknown}
 l - a potion of heal wounds {unknown}
 m - a potion of berserk rage {unknown}
 p - a potion of attraction {unknown}
 q - 2 potions of might {unknown}

Dungeon Overview and Level Annotations

Branches:
Dungeon (4/15)
 Temple: D:4-7

Altars:

Shops:
D:1

[ ▒▒.▒.▒.▒▒ ▒.▒ ▒.▒.....▒▒▒.▒....
▒▒.▒..▒▒▒▒▒.▒▒ ▒..............▒▒
)▒.▒.........▒▒▒▒▒▒.....▒▒▒.▒....
▒...▒▒▒▒▒▒▒......▒▒▒...▒▒ ▒.▒.▒▒▒
▒▒.▒▒ ▒▒.▒▒▒>▒ ▒▒.▒▒ ▒...▒▒▒ ▒.▒
▒.▒ ▒.▒ ▒.▒ ▒..)... ▒.▒ ▒.▒ ▒.▒
▒.▒ ▒.▒▒▒▒▒ ▒.▒ ▒.▒ ▒W▒ ▒.▒ ▒.▒
▒.▒ ▒.▒ ▒H▒ ▒.▒ ▒<▒ ▒.▒ ▒.▒ ▒.▒
▒.▒▒▒▒▒.▒▒▒▒▒ ▒.▒ ▒▒.▒▒▒.▒
▒.......(.... ▒.▒▒▒▒▒ ▒▒...▒▒.▒▒
▒..▒▒▒▒.▒▒▒▒▒
▒.....▒▒▒........▒▒▒..▒▒▒▒[▒▒▒
▒▒▒▒▒........................▒▒▒
▒▒▒▒▒........▒.▒▒▒▒▒.▒.▒....
▒.....▒.▒▒.▒ ▒.▒.▒▒▒▒▒
▒..........▒ ▒.▒.▒ ▒


You could see a phantom.


Message History

You miss the phantom.
The phantom is heavily damaged.
The phantom hits you but does no damage.
You hit the phantom but do no damage.
The phantom is heavily damaged.
The phantom hits you!
* * * LOW HITPOINT WARNING * * *
You hit the phantom but do no damage.
The phantom is heavily damaged.
The phantom hits you.
* * * LOW HITPOINT WARNING * * *
You barely miss the phantom.
The phantom is heavily damaged.
The phantom hits you but does no damage.
You closely miss the phantom.
The phantom is heavily damaged.
The phantom hits you but does no damage.
You miss the phantom.
The phantom is heavily damaged.
The phantom hits you.
* * * LOW HITPOINT WARNING * * *
The phantom blinks!
You blink.
You hit the phantom.
The phantom is heavily damaged.
The phantom misses you.
You barely miss the phantom.
The phantom is heavily damaged.
The phantom hits you!
You die...

Action                   |  1- 3 |  4- 6 || total
-------------------------+-------+-------++-------
Melee: Hand axe          |   144 |    83 ||   227
       Tailslap          |    20 |     7 ||    27
 Abil: Rolling Charge    |     2 |     2 ||     4
 Stab: Sleeping          |     2 |       ||     2
Armor: Robe              |    41 |       ||    41
       Leather armour    |     6 |    32 ||    38
Dodge: Dodged            |    75 |    53 ||   128

Levels and vault maps discovered:
D:1:      lemuel_arrival_room, layout_basic, serial_shops, nicolae_shop_stone
D:2:      layout_basic, ebering_ecumenical_altar_rust, minmay_misc_feat_plants,
          chequers_serial_rivers_room_a, minmay_tetromino_i2
D:3:      layout_loops_ring
D:4:      layout_cave_pools

Notes
Turn   | Place    | Note
-------+----------+-------------------------------------------
     0 | D:1      | sanka the Palentonga Monk began the quest for the Orb.
     0 | D:1      | Reached XP level 1. HP: 19/19 MP: 1/1
    62 | D:1      | Found Foesch's Armour Boutique.
   348 | D:2      | Reached XP level 2. HP: 17/25 MP: 2/2
   737 | D:2      | Found a faded altar of an unknown god.
   987 | D:1      | Reached skill level 4 in Axes
  1281 | D:1      | Reached XP level 3. HP: 28/31 MP: 3/3
  3052 | D:4      | Reached XP level 4. HP: 22/37 MP: 4/4
  3060 | D:4      | Reached skill level 5 in Axes
  3306 | D:4      | Noticed a scorpion
  3322 | D:4      | Killed a scorpion
  3323 | D:4      | Reached XP level 5. HP: 39/43 MP: 5/5
  3488 | D:4      | Noticed a necrophage
  3509 | D:4      | Killed a necrophage
  3510 | D:4      | Reached skill level 6 in Axes
  3664 | D:4      | Noticed a phantom
  3680 | D:4      | Noticed a phantom
  3709 | D:3      | Slain by a phantom

Vanquished Creatures
  A necrophage (D:4)
  A scorpion (D:4)
  3 adders
  2 worms (D:2)
  3 dart slugs
  An orc (D:3)
  4 bats
  4 endoplasms
  3 giant cockroaches
  7 goblins
  6 hobgoblins
  5 jackals
  4 quokkas
  3 ball pythons
  3 frilled lizards
  6 kobolds
  3 rats (D:1)
59 creatures vanquished.
